 Dungeon Crawl Stone Soup version 0.25-a0-41-g6cf4ce537d (webtiles) character file.

Game seed: 17700682351372437182, levelgen mode: deterministic

8 Alarkh the Shield-Bearer (level 2, 24/24 HPs)
             Began as a Demonspawn Fighter on Oct 21, 2019.
             Got out of the dungeon alive.
             The game lasted 00:00:12 (347 turns).

Alarkh the Shield-Bearer (Demonspawn Fighter)        Turns: 347, Time: 00:00:13

Health: 24/24      AC:  8    Str: 16    XL:     2   Next: 0%
Magic:  2/2        EV:  6    Int:  9    God:
Gold:   47         SH:  8    Dex: 12    Spells: 1/1 levels left

rFire    . . .     SeeInvis .   a - +0 long sword
rCold    . . .     Gourm    .   c - +0 shield
rNeg     . . .     Faith    .   b - +0 scale mail
rPois    .         Spirit   .   (no helmet)
rElec    .         Reflect  .   (no cloak)
rCorr    .         Harm     .   (no gloves)
MR       .....                  (no boots)
Stlth    ..........             (no amulet)
HPRegen  0.08/turn              (no ring)
MPRegen  0.08/turn              (no ring)

@: no status effects
A: slimy green scales 1
a: no special abilities


You escaped.
You were not hungry.

You visited 1 branch of the dungeon, and saw 1 of its levels.

You collected 47 gold pieces.

Inventory:

Hand Weapons
 a - a +0 long sword (weapon)
Armour
 b - a +0 scale mail (worn)
 c - a +0 shield (worn)
Scrolls
 i - a scroll of identify {unknown}
Potions
 d - a potion of might
 e - a potion of agility {unknown}
 h - a potion of heal wounds {unknown}
Comestibles
 f - a ration


   Skills:
 + Level 3.0 Fighting
 + Level 1.8 Long Blades
 + Level 2.7 Armour
 + Level 3.1 Shields


You had one spell level left.
You didn't know any spells.
Your spell library was empty.

Dungeon Overview and Level Annotations

Branches:
Dungeon (1/15)

Altars:

Annotations:
D:1 1 runed translucent door


Innate Abilities, Weirdness & Mutations

You are partially covered in slimy green scales. (AC +2)


Message History

A kobold is nearby!
You miss the kobold. The kobold hits you but does no damage.
A kobold is nearby!
You hit the kobold.
You kill the kobold!
You have reached level 2!
Your demonic ancestry asserts itself...
Slimy green scales grow over part of your body.
There is a stone staircase leading down here.
All of the chunks of flesh in your inventory have rotted away.
You open the door.
The jackal barks!
The ooze quivers.
The jackal barks! x2; You hear a shout!
There is an open door here.
The goblin shouts!
The rat twitches its whiskers.
There is a staircase leading out of the dungeon here.
Are you sure you want to leave the Dungeon?
This will make you lose the game!
You have escaped!

................
#############......... #
............#.........
#.........srh.#....#####
#......gJrrrhs#........#
#######+#######...####.#
#.............#...#
+⌠....###....⌠'..##
#......@......#..#
#..⌠...>...⌠..#..#
###+#######'###).#
.............#
#............#
##############


You could see a jackal and a giant cockroach.

Vanquished Creatures
  2 leopard geckos (D:1)
  A bat (D:1)
  A kobold (D:1)
  2 rats (D:1)
6 creatures vanquished.

Notes
Turn   | Place    | Note
-------+----------+-------------------------------------------
     0 | D:1      | Alarkh the Demonspawn Fighter began the quest for the Orb.
     0 | D:1      | Reached XP level 1. HP: 18/18 MP: 1/1
     1 | D:1      | Found a runed translucent door.
   298 | D:1      | Gained mutation: You are partially covered in slimy green
                  | scales. (AC +2) [demonic ancestry]
   298 | D:1      | Reached XP level 2. HP: 21/24 MP: 2/2
   347 | D:$      | Got out of the dungeon alive.

Levels and vault maps discovered:
D:1:      dpeg_arrival_caged_fury, layout_rooms, kennysheep_decorative_pillar

Skill      XL: |  1 |
---------------+----+-----
Shields        | 3 |  3.1
Fighting       | |  3.0
Long Blades    | |  1.8
Armour         | |  2.7

Action                   || total
-------------------------++-------
Melee: Long sword        ||    23
Armor: Scale mail        ||    14
Dodge: Dodged            ||    14
Block: Shield            ||    17
       Rpst.: Long sword ||     3

Table legend:
 A = Non-vault XP
 B = Vault XP
 C = Vault XP percentage of total XP
 D = Non-vault monster count
 E = Vault monster count
 F = Vault count percentage of total count
                 A         B        C        D         E       F
            +---------+---------+-------+---------+---------+-------
      Total |      12 |       0 |   0.0 |       6 |       0 |   0.0
            +---------+---------+-------+---------+---------+-------
        D:1 |      12 |       0 |   0.0 |       6 |       0 |   0.0
            +---------+---------+-------+---------+---------+-------
